[Event "DSOL 2022"]
[Site "Germany"]
[Date "2022.04.01"]
[Round "6.2"]
[White "Liedtke, Matthias"]
[Black "Zienert, Richard"]
[Result "0-1"]
[ECO "B22"]
[WhiteElo "1690"]
[BlackElo "1648"]
[Annotator "NA"]
[PlyCount "50"]
[EventDate "2022.01.31"]
[EventType "team-tourn"]
[EventCountry "GER"]
[SourceTitle "playchess.com"]
[Source "ChessBase"]
[SourceQuality "1"]
[WhiteTeam "SG Leipzig"]
[BlackTeam "SK Heidenau I"]
[TimeControl "2700+15"]

1. e4 c5 2. c3 Nf6 3. e5 Nd5 4. Nf3 e6 5. d4 cxd4 6. cxd4 d6 7. Bc4 dxe5 8. dxe5 Be7 9. O-O O-O 10. Qe2 Qc7 11. Nc3 Nxc3 12. bxc3 b6 13. Bd3 Bb7 14. Bf4 Nd7 15. Rfe1 Rac8 16. Rac1 Rfd8 17. Nd4 Nf8 18. Bg3 Rxd4 19. cxd4 Qxc1 20. h4 Qh6 21. Qg4 Rc1 22. f4 Rxe1+ 23. Bxe1 Bd5 24. g3 f5 25. Qd1 Qg6 0-1

[Event "DSOL 2022"]
[Site "Germany"]
[Date "2022.04.01"]
[Round "6.2"]
[White "Bischoff, Anton"]
[Black "Dippel, Olaf"]
[Result "0-1"]
[ECO "B12"]
[WhiteElo "1661"]
[BlackElo "1891"]
[Annotator "ChessBase"]
[PlyCount "64"]
[EventDate "2022.01.31"]
[EventType "team-tourn"]
[EventCountry "GER"]
[SourceTitle "playchess.com"]
[Source "ChessBase"]
[SourceQuality "1"]
[WhiteTeam "Kieler SG II"]
[BlackTeam "SC Weiße Dame Borbeck"]
[TimeControl "2700+15"]

1. e4 c6 2. d4 d5 3. e5 Bf5 4. Ne2 e6 5. Ng3 Bg6 6. h4 h5 7. Bd3 Bxd3 8. cxd3 Nd7 9. Nc3 Qb6 10. Nge2 Ne7 11. Be3 Nf5 12. Qd2 Be7 13. g3 f6 14. Nf4 Kf7 15. O-O fxe5 16. dxe5 d4 17. Ne4 Nxe5 18. Qd1 dxe3 19. fxe3 Qxe3+ 20. Kg2 Qb6 21. Qe2 Ne3+ 22. Kh3 Nxf1 23. Rxf1 Kg8 24. Nxe6 Rh6 25. N4g5 Bxg5 26. Qxe5 Bf6 27. Qe4 Qxb2 28. Ng5 Qxa2 29. Re1 Bxg5 30. hxg5 Rd6 31. g6 Rf8 32. Qe5 Rxg6 0-1

[Event "DSOL 2022"]
[Site "Germany"]
[Date "2022.04.01"]
[Round "6.2"]
[White "Jelica, Mara"]
[Black "Junker, Reiner"]
[Result "1-0"]
[ECO "C64"]
[WhiteElo "1620"]
[BlackElo "1543"]
[Annotator "COMBH"]
[PlyCount "37"]
[EventDate "2022.01.31"]
[EventType "team-tourn"]
[EventCountry "GER"]
[SourceTitle "playchess.com"]
[Source "ChessBase"]
[SourceQuality "1"]
[WhiteTeam "SF Deizisau II"]
[BlackTeam "SK Ludwigshafen"]
[TimeControl "2700+15"]

1. e4 e5 2. Nf3 Nc6 3. Bb5 Bc5 4. c3 Nf6 5. d4 exd4 6. e5 Ne4 7. O-O dxc3 8. Qc2 cxb2 9. Bxb2 Bxf2+ 10. Kh1 d5 11. exd6 Bf5 12. Bxc6+ bxc6 13. Qxc6+ Kf8 14. dxc7 Qe8 15. Qd5 Bg6 16. Nbd2 Nxd2 17. Qxd2 Bb6 18. Qc3 f6 19. Ng5 1-0

[Event "DSOL 2022"]
[Site "Germany"]
[Date "2022.04.01"]
[Round "6.2"]
[White "Philippfalke"]
[Black "Van Hasselt, Frank"]
[Result "1-0"]
[ECO "B18"]
[WhiteElo "1620"]
[BlackElo "1686"]
[Annotator "RC"]
[PlyCount "65"]
[EventDate "2022.01.31"]
[EventType "team-tourn"]
[EventCountry "GER"]
[SourceTitle "playchess.com"]
[Source "ChessBase"]
[SourceQuality "1"]
[WhiteTeam "Post SV Uelzen"]
[BlackTeam "SF Berlin I"]
[TimeControl "2700+15"]

1. e4 c6 2. d4 d5 3. Nc3 dxe4 4. Nxe4 Bf5 5. Ng3 Bg6 6. N3e2 e6 7. c3 Nf6 8. Nf3 Nbd7 9. Nf4 Bd6 10. Nxg6 hxg6 11. Bd3 Qc7 12. h3 Nd5 13. c4 Nf4 14. Bxf4 Bxf4 15. Qe2 Qa5+ 16. Nd2 O-O-O 17. a3 Bxd2+ 18. Qxd2 Qxd2+ 19. Kxd2 c5 20. Kc3 cxd4+ 21. Kxd4 Ne5+ 22. Kxe5 Rxd3 23. Rad1 Rhd8 24. Rxd3 Rxd3 25. Rf1 Kd7 26. a4 a5 27. Ke4 Rd2 28. b3 Rb2 29. Rd1+ Ke7 30. Rd3 Rxf2 31. g4 g5 32. Kd4 Kd6 33. Ke3+ 1-0

[Event "DSOL 2022"]
[Site "Germany"]
[Date "2022.04.01"]
[Round "6.2"]
[White "Schubert, Ralf"]
[Black "Loseries, Uwe"]
[Result "1-0"]
[ECO "D01"]
[WhiteElo "1554"]
[BlackElo "1714"]
[Annotator "COMBH"]
[PlyCount "83"]
[EventDate "2022.01.31"]
[EventType "team-tourn"]
[EventCountry "GER"]
[SourceTitle "playchess.com"]
[Source "ChessBase"]
[SourceQuality "1"]
[WhiteTeam "SK Dessau I"]
[BlackTeam "Kölner SK Dr Lasker II"]
[TimeControl "2700+15"]

1. d4 Nf6 2. Nc3 d5 3. Bg5 Nbd7 4. Qd2 e6 5. f3 c5 6. e4 cxd4 7. Qxd4 Bc5 8. Bxf6 Qb6 9. Qd2 Nxf6 10. Na4 Qb4 11. Nxc5 Qxc5 12. e5 Nd7 13. f4 O-O 14. Nf3 a5 15. Bd3 b5 16. a3 Nb6 17. Qf2 Qxf2+ 18. Kxf2 Ba6 19. Nd4 Na4 20. b3 Nc3 21. b4 a4 22. Ke3 Rab8 23. Kd2 Rfc8 24. Rhe1 Rc7 25. Re3 Rbc8 26. f5 exf5 27. Bxf5 Ne4+ 28. Rxe4 dxe4 29. Bxc8 Rxc8 30. Re1 Re8 31. Rxe4 f6 32. e6 Bb7 33. Re2 Bd5 34. c3 Bc4 35. Re3 Kf8 36. Ke1 g6 37. Kf2 Ke7 38. Kg3 Kd6 39. Kf4 Re7 40. h4 Re8 41. h5 g5+ 42. Kf5 1-0

[Event "DSOL 2022"]
[Site "Germany"]
[Date "2022.04.01"]
[Round "6.3"]
[White "Haufe, Laurin"]
[Black "Zimm, Justus"]
[Result "1-0"]
[ECO "B55"]
[WhiteElo "1827"]
[BlackElo "1730"]
[Annotator "ChessBase"]
[PlyCount "63"]
[EventDate "2022.01.31"]
[EventType "team-tourn"]
[EventCountry "GER"]
[SourceTitle "playchess.com"]
[Source "ChessBase"]
[SourceQuality "1"]
[WhiteTeam "SG Leipzig"]
[BlackTeam "SK Heidenau I"]
[TimeControl "2700+15"]

1. e4 c5 2. Nf3 d6 3. d4 cxd4 4. Nxd4 Nf6 5. f3 e5 6. Nb3 Be6 7. c4 Qc7 8. Be3 Bxc4 9. Qc1 d5 10. exd5 b5 11. N1d2 Bb4 12. a3 Nxd5 13. axb4 Nxe3 14. Nxc4 Nxc4 15. Na5 Qb6 16. Bxc4 bxc4 17. Qc3 O-O 18. Nxc4 Qe6 19. O-O Rc8 20. b3 Nc6 21. Rfe1 Nd4 22. Ra5 Qf6 23. Rc5 Rxc5 24. bxc5 e4 25. Qe3 Rb8 26. Qxe4 h6 27. Re3 Rxb3 28. Qe8+ Kh7 29. Rxb3 Nxb3 30. Qe4+ g6 31. c6 Qe7 32. Qxe7 1-0

[Event "DSOL 2022"]
[Site "Germany"]
[Date "2022.04.01"]
[Round "6.3"]
[White "Gallasch, Jonas"]
[Black "Dette, Jan"]
[Result "1-0"]
[ECO "E11"]
[WhiteElo "1803"]
[BlackElo "1688"]
[Annotator "ChessBase"]
[PlyCount "55"]
[EventDate "2022.01.31"]
[EventType "team-tourn"]
[EventCountry "GER"]
[SourceTitle "playchess.com"]
[Source "ChessBase"]
[SourceQuality "1"]
[WhiteTeam "SG Porz I"]
[BlackTeam "SF Essen-Katernberg"]
[TimeControl "2700+15"]

1. d4 Nf6 2. c4 e6 3. Nf3 Bb4+ 4. Nbd2 a5 5. g3 O-O 6. Bg2 d6 7. O-O Bxd2 8. Qxd2 Qe7 9. b3 e5 10. Bb2 e4 11. Ne1 c6 12. Nc2 a4 13. f3 Re8 14. d5 e3 15. Qd4 c5 16. Qc3 Bf5 17. g4 Bxc2 18. Qxc2 a3 19. Bc3 h6 20. Qf5 Nbd7 21. g5 hxg5 22. Qxg5 Ne5 23. f4 Ng6 24. f5 Ne5 25. Qg3 Neg4 26. Rf4 Nf2 27. Bf3 Qf8 28. Bxf6 1-0

[Event "DSOL 2022"]
[Site "Germany"]
[Date "2022.04.01"]
[Round "6.3"]
[White "Werner, Renae"]
[Black "Braun, Joshua"]
[Result "1-0"]
[ECO "A25"]
[WhiteElo "1797"]
[BlackElo "1772"]
[Annotator "COMBH"]
[PlyCount "137"]
[EventDate "2022.01.31"]
[EventType "team-tourn"]
[EventCountry "GER"]
[SourceTitle "playchess.com"]
[Source "ChessBase"]
[SourceQuality "1"]
[WhiteTeam "Kieler SG II"]
[BlackTeam "SC Weiße Dame Borbeck"]
[TimeControl "2700+15"]

1. c4 e5 2. g3 Nf6 3. Bg2 Bc5 4. Nc3 O-O 5. e3 Nc6 6. a3 a5 7. Nge2 d6 8. O-O Be6 9. d4 exd4 10. exd4 Bb6 11. d5 Bg4 12. dxc6 bxc6 13. Bxc6 Rb8 14. Qc2 Bh3 15. Bg2 Bg4 16. Nd5 Nxd5 17. Bxd5 Re8 18. Nc3 Qf6 19. Bg2 Bf5 20. Qd2 h6 21. Nd5 Qe5 22. Nxb6 Rxb6 23. Qd5 Qf6 24. Qxa5 Bd3 25. Re1 Rbb8 26. Rxe8+ Rxe8 27. Be3 Qxb2 28. Qe1 Bxc4 29. Qc1 Qf6 30. a4 d5 31. Qd1 Rd8 32. Bd4 Qa6 33. Qg4 g6 34. Qh4 g5 35. Qg4 Bd3 36. Qd1 Qc4 37. Be5 Re8 38. Rc1 Qa6 39. Bxc7 Be2 40. Qxd5 Qxa4 41. Qc6 Qxc6 42. Rxc6 Bb5 43. Rc1 Re7 44. Bf1 Bxf1 45. Kxf1 Kg7 46. Bb6 Re6 47. Bd4+ f6 48. Rb1 Rd6 49. Rb7+ Kg6 50. Be3 Rd1+ 51. Kg2 h5 52. h3 g4 53. h4 Rd6 54. Rb6 Rxb6 55. Bxb6 Kf5 56. Be3 Ke4 57. Kf1 f5 58. Ke2 Ke5 59. Kd3 Kd5 60. Bf4 Kc5 61. Kc3 Kd5 62. Kb4 Ke4 63. Kc5 Kf3 64. Be3 f4 65. Bxf4 Kxf2 66. Kd4 Kf3 67. Ke5 Kg2 68. Kf5 Kh3 69. Kg5 1-0

[Event "DSOL 2022"]
[Site "Germany"]
[Date "2022.04.01"]
[Round "6.3"]
[White "Noack, Marian"]
[Black "Kaiser, Sebastian"]
[Result "0-1"]
[ECO "D19"]
[WhiteElo "1611"]
[BlackElo "1694"]
[Annotator "COMBH"]
[PlyCount "76"]
[EventDate "2022.01.31"]
[EventType "team-tourn"]
[EventCountry "GER"]
[SourceTitle "playchess.com"]
[Source "ChessBase"]
[SourceQuality "1"]
[WhiteTeam "SC Braunschweig"]
[BlackTeam "SC Großröhrsdorf"]
[TimeControl "2700+15"]

1. d4 d5 2. c4 c6 3. Nc3 Nf6 4. Nf3 dxc4 5. a4 Bf5 6. e3 Nbd7 7. Bxc4 e6 8. O-O Bb4 9. Qe2 O-O 10. Rd1 Qe7 11. Nh4 Bg4 12. f3 Bh5 13. Qf2 Nd5 14. Bxd5 exd5 15. g4 Bg6 16. Nf5 Bxf5 17. gxf5 Qg5+ 18. Qg3 Qxf5 19. e4 dxe4 20. fxe4 Qg6 21. e5 Nb6 22. Qxg6 hxg6 23. Ne4 Rad8 24. Bg5 Rd7 25. Nc5 Bxc5 26. dxc5 Nd5 27. b4 Re8 28. Bf4 Rde7 29. Bg3 Nxb4 30. Rd2 Nd5 31. a5 Nc3 32. a6 Ne4 33. axb7 Nxd2 34. Rxa7 Rb8 35. Ra8 Rexb7 36. Rxb8+ Rxb8 37. e6 Rb1+ 38. Kf2 fxe6 0-1

[Event "DSOL 2022"]
[Site "Germany"]
[Date "2022.04.01"]
[Round "6.3"]
[White "Will, Patrick"]
[Black "Schoebel, Klaus"]
[Result "1-0"]
[ECO "E69"]
[WhiteElo "1350"]
[BlackElo "1534"]
[Annotator "COMBH"]
[PlyCount "81"]
[EventDate "2022.01.31"]
[EventType "team-tourn"]
[EventCountry "GER"]
[SourceTitle "playchess.com"]
[Source "ChessBase"]
[SourceQuality "1"]
[WhiteTeam "SK Bickenbach I"]
[BlackTeam "SK Herzogenaurach I"]
[TimeControl "2700+15"]

1. d4 Nf6 2. c4 d6 3. Nf3 g6 4. Nc3 Bg7 5. g3 c6 6. Bg2 O-O 7. O-O Nbd7 8. e4 e5 9. h3 exd4 10. Nxd4 Ne5 11. b3 Re8 12. Be3 Qe7 13. Qc2 Be6 14. Rad1 Qd7 15. f4 Nxc4 16. bxc4 Bxh3 17. Rfe1 Bxg2 18. Qxg2 Ng4 19. Qf3 Nxe3 20. Rxe3 c5 21. Ndb5 d5 22. Rxd5 Qe6 23. e5 Rad8 24. Nc7 Qh3 25. Nxe8 Rxe8 26. Rxc5 Rd8 27. Nd5 Bf8 28. Rc7 b6 29. g4 Qh6 30. Qh3 Qg7 31. Nf6+ Kh8 32. Rd3 Rxd3 33. Qxd3 Bc5+ 34. Kg2 Qf8 35. Qd7 Qa8+ 36. Qc6 Qxc6+ 37. Rxc6 Kg7 38. g5 h6 39. Rc8 hxg5 40. fxg5 Bf8 41. Kf3 1-0

[Event "DSOL 2022"]
[Site "Germany"]
[Date "2022.04.01"]
[Round "6.4"]
[White "Kipper, Siegfried"]
[Black "Meuss, Maximilian"]
[Result "0-1"]
[ECO "E11"]
[WhiteElo "1765"]
[BlackElo "1722"]
[Annotator "COMBH"]
[PlyCount "62"]
[EventDate "2022.01.31"]
[EventType "team-tourn"]
[EventCountry "GER"]
[SourceTitle "playchess.com"]
[Source "ChessBase"]
[SourceQuality "1"]
[WhiteTeam "SC Weiße Dame Borbeck"]
[BlackTeam "Kieler SG II"]
[TimeControl "2700+15"]

1. d4 Nf6 2. c4 e6 3. Nf3 Bb4+ 4. Nbd2 O-O 5. a3 Bxd2+ 6. Bxd2 d5 7. e3 Nbd7 8. Bd3 b6 9. O-O Bb7 10. cxd5 Bxd5 11. Qe2 Ne4 12. Bc3 Ndf6 13. Rac1 Rc8 14. Nd2 c5 15. dxc5 Rxc5 16. Bb4 Rxc1 17. Rxc1 Re8 18. Bb5 Nd7 19. f3 Nec5 20. e4 Bb7 21. Bxc5 bxc5 22. Nb3 c4 23. Bxc4 Ne5 24. Nc5 Re7 25. Nxb7 Rxb7 26. b3 Rc7 27. Kf1 Qg5 28. Rd1 Ng6 29. g3 h5 30. f4 Qc5 31. Qxh5 Qxh5 0-1

[Event "DSOL 2022"]
[Site "Germany"]
[Date "2022.04.01"]
[Round "6.4"]
[White "Thalheim, Jonas"]
[Black "Dhard, Shubham"]
[Result "1-0"]
[ECO "B22"]
[WhiteElo "1751"]
[BlackElo "1722"]
[Annotator "COMBH"]
[PlyCount "89"]
[EventDate "2022.01.31"]
[EventType "team-tourn"]
[EventCountry "GER"]
[SourceTitle "playchess.com"]
[Source "ChessBase"]
[SourceQuality "1"]
[WhiteTeam "SC Großröhrsdorf"]
[BlackTeam "SC Braunschweig"]
[TimeControl "2700+15"]

1. e4 c5 2. c3 d5 3. exd5 Qxd5 4. Nf3 Bg4 5. Be2 Nf6 6. d4 e6 7. Be3 c4 8. O-O Be7 9. Ne5 Bxe2 10. Qxe2 b5 11. Nd2 Nbd7 12. Ndf3 O-O 13. Bg5 h6 14. Nxd7 Qxd7 15. Bf4 Nd5 16. Bg3 Rac8 17. Ne5 Qb7 18. Qg4 b4 19. Rfc1 a5 20. Qd1 Bg5 21. Rc2 a4 22. cxb4 Qxb4 23. h4 Bf6 24. Nd7 Rfd8 25. Nxf6+ Nxf6 26. Rac1 Ne4 27. Be5 f6 28. Bf4 e5 29. Qf3 Rxd4 30. Be3 Nd2 31. Qe2 Rcd8 32. Bxd4 Rxd4 33. Rd1 Nb3 34. Rxd4 Nxd4 35. Qxc4+ Qxc4 36. Rxc4 Ne2+ 37. Kf1 Nf4 38. Rxa4 Kf7 39. Rxf4 exf4 40. Ke2 Ke6 41. Kf3 Ke5 42. a4 g5 43. hxg5 fxg5 44. a5 Kd6 45. Kg4 1-0

[Event "DSOL 2022"]
[Site "Germany"]
[Date "2022.04.01"]
[Round "6.4"]
[White "Plaumann, Arvin"]
[Black "Aaron Köllner"]
[Result "1-0"]
[ECO "E18"]
[WhiteElo "1652"]
[BlackElo "1620"]
[Annotator "COMBH"]
[PlyCount "101"]
[EventDate "2022.01.31"]
[EventType "team-tourn"]
[EventCountry "GER"]
[SourceTitle "playchess.com"]
[Source "ChessBase"]
[SourceQuality "1"]
[WhiteTeam "SF Heidesheim I"]
[BlackTeam "SF Deizisau I"]
[TimeControl "2700+15"]

1. d4 d5 2. Nf3 Nf6 3. g3 e6 4. Bg2 b6 5. O-O Be7 6. c4 O-O 7. Nc3 Bb7 8. Nd2 Nbd7 9. e4 dxe4 10. Ndxe4 Nxe4 11. Nxe4 Qc8 12. Qc2 Nf6 13. Bg5 Bxe4 14. Bxe4 Nxe4 15. Bxe7 Re8 16. Qxe4 Rxe7 17. Rad1 Rd7 18. Rfe1 Qd8 19. Re2 Rc8 20. Red2 c6 21. d5 g6 22. dxe6 Rxd2 23. exf7+ Kf8 24. Qe8+ Qxe8 25. fxe8=Q+ Rxe8 26. Rxd2 Re1+ 27. Kg2 Ke7 28. Kf3 c5 29. Re2+ Rxe2 30. Kxe2 Kf6 31. Ke3 Kf5 32. h3 h6 33. f4 Kf6 34. Ke4 Ke6 35. g4 Kf6 36. h4 Ke6 37. f5+ gxf5+ 38. gxf5+ Kf6 39. a3 Kf7 40. Ke5 Ke7 41. h5 Kf7 42. f6 Kf8 43. Ke6 Ke8 44. f7+ Kf8 45. Kf6 a6 46. a4 b5 47. axb5 axb5 48. cxb5 c4 49. b6 c3 50. b7 cxb2 51. b8=R# 1-0

[Event "DSOL 2022"]
[Site "Germany"]
[Date "2022.04.01"]
[Round "6.4"]
[White "Fahland, Maximilian"]
[Black "Schaefer, Konstantin"]
[Result "1-0"]
[ECO "E66"]
[WhiteElo "1590"]
[BlackElo "1747"]
[Annotator "ChessBase"]
[PlyCount "69"]
[EventDate "2022.01.31"]
[EventType "team-tourn"]
[EventCountry "GER"]
[SourceTitle "playchess.com"]
[Source "ChessBase"]
[SourceQuality "1"]
[WhiteTeam "SK Heidenau I"]
[BlackTeam "SG Leipzig"]
[TimeControl "2700+15"]

1. d4 Nf6 2. Nf3 c5 3. c4 g6 4. g3 Bg7 5. Bg2 O-O 6. O-O d6 7. Nc3 Nc6 8. d5 Nb4 9. a3 Na6 10. h3 Nc7 11. e4 e6 12. Re1 exd5 13. exd5 h5 14. Bg5 Bf5 15. Qd2 Qd7 16. Kh2 Rfe8 17. Nh4 a6 18. a4 Rab8 19. Nxf5 Qxf5 20. Bf4 Qd7 21. Rxe8+ Rxe8 22. Re1 Na8 23. b3 Nb6 24. Rxe8+ Nxe8 25. Ne4 Nc8 26. h4 Ne7 27. Bh3 Qc7 28. Qd3 Be5 29. Bxe5 dxe5 30. d6 Qd8 31. d7 Nc7 32. Nxc5 Nc6 33. Nxb7 Qe7 34. d8=Q+ Nxd8 35. Qxd8+ 1-0

[Event "DSOL 2022"]
[Site "Germany"]
[Date "2022.04.04"]
[Round "7.1"]
[White "Kalabic, Faris"]
[Black "Knuedel, Torben"]
[Result "1-0"]
[ECO "D02"]
[WhiteElo "1861"]
[BlackElo "1803"]
[Annotator "NA RC"]
[PlyCount "51"]
[EventDate "2022.01.31"]
[EventType "team-tourn"]
[EventCountry "GER"]
[SourceTitle "playchess.com"]
[Source "ChessBase"]
[SourceQuality "1"]
[WhiteTeam "SK Zehlendorf II"]
[BlackTeam "Post SV Uelzen"]
[TimeControl "2700+15"]

1. d4 Nf6 2. Nf3 d5 3. Bf4 e6 4. Nbd2 Bd6 5. Bg3 b6 6. e3 Bb7 7. Ne5 O-O 8. f4 Nbd7 9. Bd3 Ne4 10. c3 Bxe5 11. fxe5 Qg5 12. Qe2 Nxg3 13. hxg3 Qxg3+ 14. Kd1 f5 15. Rh3 Qg6 16. Nf3 c5 17. Kd2 cxd4 18. cxd4 Rac8 19. Rg1 Qe8 20. g4 g6 21. Qh2 Qe7 22. gxf5 Qb4+ 23. Kd1 Ba6 24. Rxh7 Rxf5 25. Rh8+ Kf7 26. Qh7# 1-0

[Event "DSOL 2022"]
[Site "Germany"]
[Date "2022.04.07"]
[Round "7.1"]
[White "Marcziter, Dmitrii"]
[Black "Plischki, Sebastian"]
[Result "1/2-1/2"]
[ECO "E60"]
[WhiteElo "1842"]
[BlackElo "1821"]
[Annotator "NA RC"]
[PlyCount "83"]
[EventDate "2022.01.31"]
[EventType "team-tourn"]
[EventCountry "GER"]
[SourceTitle "playchess.com"]
[Source "ChessBase"]
[SourceQuality "1"]
[WhiteTeam "SG Porz I"]
[BlackTeam "SK Rinteln I"]
[TimeControl "2700+15"]

1. Nf3 Nf6 2. c4 g6 3. b3 Bg7 4. Bb2 O-O 5. g3 d6 6. d4 e5 7. dxe5 dxe5 {now scores much better than the old 7...Ng4.} 8. Qxd8 Rxd8 9. Nxe5 Na6 10. Nd3 Bf5 11. Nc3 Bxd3 12. exd3 Nb4 13. O-O-O Ng4 14. Rd2 Ne5 15. Kb1 Nexd3 16. Bxd3 Rxd3 17. Rxd3 Nxd3 18. Rd1 $1 {[#]} Nxf2 $146 ({Predecessor:} 18... Nxb2 19. Kxb2 Re8 20. Kc2 Bxc3 21. Kxc3 Kf8 22. Rd7 Re7 23. Rd8+ Re8 24. Rxe8+ Kxe8 {½-½ (37) Fier,A (2580)-Ivic,V (2405) Sarajevo 2018}) 19. Rd7 Re8 20. Kc2 Be5 21. Nd5 Bxb2 22. Kxb2 Re2+ 23. Ka3 c5 24. Rxb7 Nd3 25. Nf4 Nxf4 26. gxf4 Rxh2 27. Rxa7 h5 28. b4 cxb4+ 29. Kxb4 h4 30. Ra3 f6 31. c5 Kf7 32. c6 Rc2 33. Kb5 g5 34. fxg5 fxg5 35. Kb6 g4 36. Ra4 $11 g3 37. Rxh4 g2 38. Rg4 Rb2+ 39. Kc7 Rxa2 40. Kd8 Rd2+ 41. Kc7 Ke6 42. Rg8 1/2-1/2

[Event "DSOL 2022"]
[Site "Germany"]
[Date "2022.04.04"]
[Round "7.1"]
[White "Weihrauch, Jakob"]
[Black "Roeder, Matthias"]
[Result "1-0"]
[ECO "A46"]
[WhiteElo "1730"]
[BlackElo "1913"]
[Annotator "NA RC"]
[PlyCount "55"]
[EventDate "2022.01.31"]
[EventType "team-tourn"]
[EventCountry "GER"]
[SourceTitle "playchess.com"]
[Source "ChessBase"]
[SourceQuality "1"]
[WhiteTeam "Hamburger SK I"]
[BlackTeam "SF Brand"]
[TimeControl "2700+15"]

1. d4 Nf6 2. Nf3 e6 3. Bf4 c5 4. e3 Qb6 5. Qc1 Nc6 6. c3 Nh5 7. Bg3 d5 8. Nbd2 Bd7 9. Bd3 Rc8 10. Qb1 h6 11. Ne5 Nxg3 12. Nxd7 Kxd7 13. hxg3 cxd4 14. exd4 Bd6 15. O-O Kc7 16. a4 e5 17. a5 Nxa5 18. Qa2 Nc6 19. Qxd5 exd4 20. Nc4 Qc5 21. Qxf7+ Be7 22. b4 Qg5 23. b5 Rhf8 24. Qe6 Qxb5 25. Rfb1 Qc5 26. Na5 Nxa5 27. Rxa5 Qd6 28. Qe4 1-0

[Event "DSOL 2022"]
[Site "Germany"]
[Date "2022.04.07"]
[Round "7.1"]
[White "Kneip, Jakob"]
[Black "Mueller, Lukas"]
[Result "0-1"]
[ECO "C41"]
[WhiteElo "1628"]
[BlackElo "1943"]
[Annotator "TA"]
[PlyCount "124"]
[EventDate "2022.01.31"]
[EventType "team-tourn"]
[EventCountry "GER"]
[SourceTitle "playchess.com"]
[Source "ChessBase"]
[SourceQuality "1"]
[WhiteTeam "MSA Zugzwang"]
[BlackTeam "TV Fischbek"]
[TimeControl "2700+15"]

1. e4 d6 2. d4 Nf6 3. Nc3 e5 4. Nf3 exd4 5. Nxd4 Be7 6. Bc4 O-O 7. O-O a5 8. Re1 a4 9. a3 Nc6 10. Bf4 Ne5 11. Bf1 Bg4 12. Qc1 Ng6 13. Bd2 Re8 14. h3 Bd7 15. f4 d5 16. e5 Nh5 17. g4 Nh4 18. Bg2 Bc5 19. Nce2 Bxd4+ 20. Nxd4 Nxg2 21. Kxg2 Qh4 22. Ne2 (22. gxh5 $142 Bxh3+ 23. Kh2 Bg4+ 24. Kg2 Qh3+ 25. Kg1 Qg3+ 26. Kh1) 22... d4 23. Rg1 (23. gxh5 $2 {gets mated.} Bc6+ 24. Kg1 Qxh3 25. Nxd4 Qg2#) (23. Rh1 $142 Bc6+ 24. Kg1) 23... Bc6+ $19 24. Kf1 Qxh3+ 25. Ke1 Bf3 26. gxh5 Qh2 27. Qd1 Bxe2 28. Rxg7+ Kxg7 29. Qxe2 Qxe2+ 30. Kxe2 f6 31. Rg1+ Kf7 32. h6 Rg8 33. Re1 fxe5 34. fxe5 Rg2+ 35. Kd3 Ke6 36. Bb4 Rag8 37. Kxd4 Rxc2 38. Bc3 Rg6 39. Rh1 Re2 40. Kc5 Reg2 41. Kb5 Rg1 42. Rh5 $2 (42. Rh3) 42... R6g4 $19 43. Bb4 Re4 44. Bc3 Rd1 45. Bb4 Rxe5+ 46. Rxe5+ Kxe5 47. Kxa4 Rh1 48. Bf8 Kd5 49. Kb5 Rh2 50. b4 Rh3 51. a4 Rh5 (51... Kd4 $142 52. Bg7+ Kd3) 52. a5 Ke4+ $2 (52... Kd4+ 53. Ka4 Kc4) 53. Ka4 $2 (53. Kc4) 53... c6 $19 54. Kb3 Kd3 55. Bg7 Rh1 56. Bf8 Rb1+ 57. Ka4 Kc4 58. Ka3 Rb3+ 59. Ka4 Rf3 60. Bg7 Rf2 61. Ka3 Kb5 62. Kb3 Rf3+ 0-1

[Event "DSOL 2022"]
[Site "Germany"]
[Date "2022.04.07"]
[Round "7.1"]
[White "Riechenberg, Maximilian"]
[Black "Mueller, Milo"]
[Result "1/2-1/2"]
[ECO "A36"]
[WhiteElo "1608"]
[BlackElo "1817"]
[Annotator "NA RC"]
[PlyCount "69"]
[EventDate "2022.01.31"]
[EventType "team-tourn"]
[EventCountry "GER"]
[SourceTitle "playchess.com"]
[Source "ChessBase"]
[SourceQuality "1"]
[WhiteTeam "SV Erkenschwick II"]
[BlackTeam "SC Windischeschenbach"]
[TimeControl "2700+15"]

1. e4 c5 2. c4 g6 3. Nc3 Bg7 4. g3 Nc6 5. Bg2 d6 6. Nge2 Nf6 7. O-O {7.d3 injects fresh life into this line.} O-O 8. d3 Ne8 9. Bd2 Nc7 10. f4 Ne6 {[#]} 11. a3 $146 ({Predecessor:} 11. Rb1 Ned4 12. h3 Rb8 13. Be3 a6 14. Kh2 b5 15. Bxd4 cxd4 16. e5 Na5 17. Nxd4 dxe5 {0-1 (40) Orel,A-Borisek,J (2189) Maribor 2001}) 11... a6 12. Rb1 Ned4 13. b4 Nxe2+ 14. Nxe2 Nd4 15. Nxd4 Bxd4+ 16. Kh1 Rb8 17. b5 axb5 18. cxb5 b6 19. f5 Bg7 20. g4 e6 21. Qc1 Qh4 22. h3 $15 (22. Bf4 $11) 22... Be5 23. Bf4 Bxf4 24. Qxf4 e5 25. Qd2 f6 26. a4 Qg5 27. Qa2+ Kg7 28. a5 bxa5 29. Qxa5 Rf7 30. Rb2 Qe3 31. Qc3 g5 32. Rfb1 Rfb7 33. Qc4 Qd4 34. Ra2 Bd7 35. Rab2 1/2-1/2

[Event "DSOL 2022"]
[Site "Germany"]
[Date "2022.04.07"]
[Round "7.1"]
[White "Gustain, Marc"]
[Black "Voicu-Jagodzinsky, Carmen"]
[Result "0-1"]
[ECO "B02"]
[WhiteElo "1525"]
[BlackElo "1684"]
[Annotator "NA RC"]
[PlyCount "118"]
[EventDate "2022.01.31"]
[EventType "team-tourn"]
[EventCountry "GER"]
[SourceTitle "playchess.com"]
[Source "ChessBase"]
[SourceQuality "1"]
[WhiteTeam "SF Deizisau II"]
[BlackTeam "SV Hemer"]
[TimeControl "2700+15"]

1. e4 c5 2. Nf3 Nf6 3. e5 Nd5 4. Nc3 Nxc3 5. bxc3 Nc6 6. d4 d5 7. exd6 Qxd6 8. Be3 Bg4 9. Be2 e6 10. O-O Rd8 11. dxc5 Qc7 12. Qc1 Be7 13. Rb1 O-O 14. h3 Bh5 15. Qb2 Rd7 16. Rfe1 e5 17. Nd2 Bxe2 18. Rxe2 f5 19. f3 Na5 20. Qb4 Rfd8 21. Nc4 Nc6 22. Qb3 Kh8 23. Bf2 h6 24. Rbe1 Rd1 25. Ne3 Rxe1+ 26. Rxe1 Bxc5 27. Nxf5 Bxf2+ 28. Kxf2 Rd2+ 29. Re2 Qd7 30. Ne3 Nd8 31. Nc4 Rxe2+ 32. Kxe2 Ne6 33. g3 e4 34. fxe4 Ng5 35. Nd2 Qxh3 36. Qxb7 Qg2+ 37. Kd3 Qxg3+ 38. Kc4 Qd6 39. Qc8+ Kh7 40. Qf5+ g6 41. Qd5 Qa6+ 42. Kb3 Qb6+ 43. Kc4 Qc7+ 44. Kb3 Nf7 45. Nc4 h5 46. e5 Ng5 47. Nd6 Qb6+ 48. Kc4 h4 49. e6 Qc7+ 50. Kd4 Qe7 51. Ke5 Kg7 52. Qb7 Qxb7 53. Nxb7 h3 54. e7 Kf7 55. Kd6 Ne4+ 56. Kd7 Nf6+ 57. Kd8 h2 58. Nd6+ Ke6 59. Ne4 h1=Q 0-1